 Dungeon Crawl Stone Soup version 0.22.1-1-ga44c0e5 (webtiles) character file.

312 Fang the Chopper (level 6, 0/58 HPs)
             Began as a Gargoyle Berserker on Oct 9, 2018.
             Was a Believer of Trog.
             Slain by an orc
             ... wielding a +0 flail
              (9 damage)
             ... on level 3 of the Dungeon.
             The game lasted 00:02:06 (2236 turns).

Fang the Chopper (Gargoyle Berserker)               Turns: 2236, Time: 00:02:06

Health: 0/58       AC:  6    Str: 27    XL:     6   Next: 42%
Magic:  6/6        EV: 12    Int: 14    God:    Trog [**....]
Gold:   144        SH:  0    Dex:  9    Spells: 5/5 levels left

rFire    . . .     SeeInvis +   o - +1 hand axe (freeze)
rCold    . . .     Gourm    .   (no shield)
rNeg     + + .     Faith    .   b - +0 animal skin
rPois    ∞         Spirit   .   (no helmet)
rElec    +         Reflect  .   (no cloak)
rCorr    .         Harm     .   (no gloves)
MR       .....                  (no boots)
Stlth    ..........             (no amulet)
HPRegen  0.19/turn              l - ring of positive energy
MPRegen  0.10/turn              m - +6 ring of intelligence

@: berserking, very quick
A: talons 1, see invisible, negative energy resistance 1, electricity
resistance, unbreathing, petrification resistance, rot immunity, AC +4
a: Berserk, Trog's Hand, Renounce Religion


You were on level 3 of the Dungeon.
You worshipped Trog.
Trog was pleased with you.
You were very hungry.

You visited 1 branch of the dungeon, and saw 3 of its levels.

You collected 144 gold pieces.

Inventory:

Hand Weapons
 a - a +0 hand axe
 o - a +1 hand axe of freezing (weapon)
Armour
 b - a +0 animal skin (worn)
Jewellery
 l - a ring of positive energy (left hand)
 m - a +6 ring of intelligence (right hand)
Scrolls
 e - 2 scrolls of teleportation {unknown}
 f - a scroll of magic mapping {unknown}
 g - a scroll of noise {unknown}
 h - 5 scrolls of remove curse {unknown}
 i - 4 scrolls of enchant armour {unknown}
 k - 3 scrolls of identify {unknown}
 n - a scroll of fear {unknown}
Potions
 d - a potion of brilliance {unknown}
 j - a potion of mutation
Comestibles
 c - 3 rations


   Skills:
 + Level 4.4 Fighting
 + Level 4.8 Axes
 + Level 2.4 Armour
 + Level 3.0 Dodging
 + Level 1.2 Stealth


You had 5 spell levels left.
You didn't know any spells.
Your spell library was empty.

Dungeon Overview and Level Annotations

Branches:
Dungeon (3/15)

Altars:


Innate Abilities, Weirdness & Mutations

You are resistant to torment.
Your stone body is resilient. (AC +4)
You are immune to poison.
You resist negative energy. (rN+)
You are resistant to electric shocks. (rElec)
You can survive without breathing.
You are immune to petrification.
You are immune to rotting.
You have sharp toenails.
You have supernaturally acute eyesight. (SInv)


Message History

You barely miss the orc.
The orc is heavily wounded.
You closely miss the orc wizard. You slash the orc! You freeze the orc.
You kill the orc!
Trog accepts your kill. The orc misses you.
The orc wizard hits you with a dagger.
* * * LOW HITPOINT WARNING * * *
You hit the orc. You freeze the orc. Your kick misses the orc.
The orc is almost dead.
You hit the orc wizard but do no damage.
The orc wizard hits you but does no damage.
The orc barely misses you.
The orc wizard hits you but does no damage.
Unknown command.
A red film seems to cover your vision as you go berserk!
You feel yourself moving faster!
You feel mighty!
You are feeling very hungry.
The orc wizard hits you but does no damage.
The orc hits you with a flail!
You die...

#......##
###...## #÷..#
#...#######
#..........
#######.........#
#...............#
..........)......
#.......)@o.....#
#######[).o.....#
#..........
#...####### #...#
#...# ....#
......


You could see an orc wizard and an orc.

Vanquished Creatures
  Grinder (D:3)
  2 orc wizards (D:3)
  2 adders
  A worm (D:2)
  A dart slug (D:2)
  7 orcs (D:3)
  2 giant cockroaches
  5 goblins
  A hobgoblin (D:1)
  6 jackals
  4 kobolds
  A bat (D:3)
  9 frilled lizards
  2 rats
44 creatures vanquished.

Notes
Turn   | Place    | Note
-------+----------+-------------------------------------------
     0 | D:1      | Fang the Gargoyle Berserker began the quest for the Orb.
     0 | D:1      | Reached XP level 1. HP: 14/14 MP: 1/1
   301 | D:1      | Reached XP level 2. HP: 19/19 MP: 2/2
   943 | D:2      | Reached XP level 3. HP: 18/24 MP: 3/3
  2064 | D:3      | Reached XP level 4. HP: 26/29 MP: 4/4
  2098 | D:3      | Noticed Grinder
  2104 | D:3      | Paralysed by Grinder for 2 turns
  2110 | D:3      | Reached ** piety under Trog
  2113 | D:3      | Reached XP level 5. HP: 24/33 MP: 5/5
  2118 | D:3      | Paralysed by Grinder for 4 turns
  2121 | D:3      | HP: 1/33 [Grinder (2)]
  2122 | D:3      | Gained mutation: You have sharp toenails. [potion of
                  | mutation]
  2122 | D:3      | Gained mutation: You have supernaturally acute eyesight.
                  | (SInv) [potion of mutation]
  2134 | D:3      | Killed Grinder
  2134 | D:3      | Reached skill level 1 in Stealth
  2134 | D:3      | Reached XP level 6. HP: 3/39 MP: 6/6
  2236 | D:3      | Slain by an orc

Skill      XL: |  1  2  3  4  5 |
---------------+----------------+-----
Axes           | 3 4 |  4.8
Dodging        | 2 3 |  3.0
Fighting       | 4 |  4.4
Stealth        | 1 |  1.2
Armour         | |  2.4

Action                   |  1- 3 |  4- 6 || total
-------------------------+-------+-------++-------
Melee: Hand axe          |   103 |    24 ||   127
       Kick              |       |     1 ||     1
Invok: Berserk           |     3 |     2 ||     5
  Use: Potion            |       |     3 ||     3
  Eat: Chunk             |     3 |     1 ||     4
       Ration            |     1 |       ||     1
Armor: Animal skin       |    38 |    11 ||    49
Dodge: Dodged            |    83 |    12 ||    95
